 Dungeon Crawl Stone Soup version 0.22.0-18-ge075c0d (webtiles) character file.

33 Amnesiac the Magician (level 3, -3/24 HPs)
             Began as a Mummy Air Elementalist on Aug 18, 2018.
             Slain by an orc priest
             ... wielding a +0 flail
              (4 damage)
             ... on level 4 of the Dungeon.
             The game lasted 00:01:42 (657 turns).

Amnesiac the Magician (Mummy Air Elementalist)       Turns: 657, Time: 00:01:43

Health: -3/24      AC:  2    Str: 11    XL:     3   Next: 12%
Magic:  0/7        EV: 12    Int: 15    God:
Gold:   19         SH:  0    Dex: 12    Spells: 5/8 levels left

rFire    x . .     SeeInvis .   a - +1 dagger (venom)
rCold    + . .     Gourm    .   (no shield)
rNeg     + + +     Faith    .   c - +0 robe
rPois    ∞         Spirit   .   (no helmet)
rElec    .         Reflect  .   (no cloak)
rCorr    .         Harm     .   (no gloves)
MR       .....                  (no boots)
Stlth    ++........             (no amulet)
HPRegen  0.08/turn              (no ring)
MPRegen  0.10/turn              (no ring)

@: no status effects
A: no food or potions, fire vulnerability, cold resistance 1, negative energy
resistance 3, torment resistance, unbreathing
a: no special abilities


You were on level 4 of the Dungeon.
You were not hungry.

You visited 1 branch of the dungeon, and saw 4 of its levels.

You collected 19 gold pieces.

Inventory:

Hand Weapons
 a - a +1 dagger of venom (weapon)
Armour
 c - a +0 robe (worn)
Scrolls
 b - 2 scrolls of identify {!r, unknown}
 d - 2 scrolls of remove curse {!r, unknown}


   Skills:
 - Level 1.5 Dodging
 - Level 1.5 Stealth
 + Level 3.2 Spellcasting
 - Level 0.7 Conjurations
 * Level 3.2 Air Magic


You had 5 spell levels left.
You knew the following spells:

 Your Spells              Type           Power        Failure   Level  Hunger
a - Shock                 Conj/Air       #...         9%          1    N/A
z - Swiftness             Chrm/Air       #.......     16%         2    N/A

Your spell library contained the following spells:

 Spells                   Type           Power        Failure   Level  Hunger
 Static Discharge         Conj/Air       #.......     26%         3    N/A
 Airstrike                Air            ##........   45%         4    N/A
 Lightning Bolt           Conj/Air       #.........   94%         5    N/A

Dungeon Overview and Level Annotations

Branches:
Dungeon (4/15)
 Temple: D:4-7

Altars:

Annotations:
D:4 Edmund


Innate Abilities, Weirdness & Mutations

You do not eat or drink.
Your flesh is vulnerable to fire.
You are immune to poison.
Your flesh is cold resistant. (rC+)
You are immune to negative energy. (rN+++)
You are immune to unholy pain and torment.
You can survive without breathing.


Message History

Casting: Shock (safe; 9% risk of failure)
Confirm with . or Enter, or press ? or * to list all spells.
You don't have enough magic to cast that spell.
You hit the phantom.
The phantom is almost destroyed.
The phantom hits you!
* * * LOW HITPOINT WARNING * * *
The phantom blinks!
You start resting.
The phantom is too close now for your liking.
Casting: Shock (safe; 9% risk of failure)
Confirm with . or Enter, or press ? or * to list all spells.
Aiming: Shock (safe; 9% risk of failure)
Press: ? - help, Shift-Dir - straight line, f/p - phantom
Aim: a phantom (almost destroyed)
The zap hits the phantom.
The phantom is almost destroyed.
The phantom blinks!
There is a stone staircase leading up here.
A worker ant is nearby!
The phantom blinks!
The phantom blinks!
The phantom blinks!
The phantom blinks!
Casting: Shock (safe; 9% risk of failure)
Confirm with . or Enter, or press ? or * to list all spells.
Aiming: Shock (safe; 9% risk of failure)
Press: ? - help, Shift-Dir - straight line, f/p - phantom
Aim: a phantom (almost destroyed) That beam is likely to hit you.
Continue anyway?
The zap hits the phantom.
The phantom is almost destroyed.
The zap misses the phantom.
The zap misses you. x2
The phantom closely misses you. The phantom misses you.
Found 8 gold pieces.
Found a stone staircase leading down.
The phantom blinks!
Edmund the Younger comes into view.
He is wielding a dire flail of crushing.
Edmund shouts!
Edmund zaps a wand.
Some rock shatters into small pieces.
It is a wand of digging (12).
You see here 8 gold pieces.
Edmund zaps a wand.
You hear a grinding noise.
An orc priest comes into view. It is wielding a flail.
The orc priest shouts!
An orc comes into view. It is wielding a war axe.
Found a hand axe.
You hit the orc priest but do no damage.
The orc priest is poisoned.
Edmund zaps a wand.
You hear a grinding noise.
The orc priest hits you with a flail!
* * * LOW HITPOINT WARNING * * *
Casting: Shock (safe; 9% risk of failure)
Confirm with . or Enter, or press ? or * to list all spells.
Aiming: Shock (safe; 9% risk of failure)
Press: ? - help, Shift-Dir - straight line, p - phantom The zap hits the orc priest.
The orc priest is moderately wounded.
The zap hits the orc priest.
The orc priest appears unharmed.
The orc priest is moderately wounded.
You hear a shout!
The orc priest hits you with a flail.
You die...

## #)# # #.##
.#######
#@####.#.....
##o.W.@..#
#.####.#.#
#.#
#.#.#####..
#o#
#..>.@....#
## ###W.####.
#.#####
...§..#
.#####W#


You could see Edmund, a phantom and an orc priest.

Vanquished Creatures
  A worker ant (D:3)
  A hobgoblin (D:2)
  3 jackals (D:1)
  A kobold (D:1)
  2 bats
  A frilled lizard (D:2)
  A rat (D:1)
10 creatures vanquished.

Notes
Turn   | Place    | Note
-------+----------+-------------------------------------------
     0 | D:1      | Amnesiac the Mummy Air Elementalist began the quest for the Orb.
     0 | D:1      | Reached XP level 1. HP: 13/13 MP: 4/4
   484 | D:2      | Reached XP level 2. HP: 19/19 MP: 3/5
   489 | D:2      | Learned a level 2 spell: Swiftness
   520 | D:3      | Reached XP level 3. HP: 23/24 MP: 0/7
   608 | D:4      | Noticed a phantom
   647 | D:4      | Noticed Edmund
   656 | D:4      | HP: 1/24 [orc priest/flail (10)]
   657 | D:4      | Slain by an orc priest

Skill      XL: |  1  2 |
---------------+-------+-----
Spellcasting   | 3 |  3.2
Air Magic      | 3 |  3.2
Dodging        | |  1.5
Stealth        | |  1.5
Conjurations   | |  0.7

Action                   || total
-------------------------++-------
Melee: Dagger            ||    15
 Cast: Shock             ||    28
Dodge: Dodged            ||    16
